Cogmind - Beta 17.1 @@@ ROGUE MODE // 2026.09.04 @ 09:08:40 Player: Lazz Result: Destroyed by Executioner with Helical Railgun Performance ------------- Evolutions (7) 3500 Regions Visited (15) 3000 Robots Destroyed (97) 485 Value Destroyed (4005) 4005 Prototype IDs (20) 400 Alien Tech Used (0) 0 Bonus (7515) 7515 TOTAL SCORE: 18905 Bonus ------- High Alert Combat Kills 105 Follower Combat Kills 2945 Entered DSFs 500 Network Hubs Disabled 200 Destroyed Z-Imprinter 1000 Built Enhanced Grunts 300 A7 Reached Mainframe 300 Met R17 at Cetus 500 Met R17 at Research 2000 Friendly Fire -335 Cogmind --------- Core Integrity 0/1300 Matter 300/300 Energy 100/100 System Corruption 1% Temperature Cool (3) Movement Flying (45) Location -3/Research Parts ------- > --- POWER (3) -------- (None) > --- PROPULSION (4) --- Impulse Thruster Array > --- UTILITY (10) ----- Advanced Coolant Injector Enhanced Optical Array Long-range Sensor Array > --- WEAPON (4) ------- (None) > --- INVENTORY (5) ---- Impulse Thruster Array Improved System Shield Peak State ------------ > --- POWER ------------ Particle Reactor Quantum Reactor Quantum Reactor > --- PROPULSION ------- Advanced Heavy Treads Advanced Heavy Treads > --- UTILITY ---------- Advanced Heat Sink Advanced Coolant Injector Huge Storage Unit Enhanced Optical Array Long-range Sensor Array Advanced Kinecellerator Advanced Transmission Jammer Centrium Medium Armor Plating Makeshift Hacking Suite Improved System Shield > --- WEAPON ----------- Dispersion Rifle Dispersion Rifle Dispersion Rifle Dispersion Rifle > --- INVENTORY -------- Reinforced Deuterium Engine Light Antimatter Reactor Biometal Medium Treads Centrium Heavy Treads Experimental Heat Sink Advanced Coolant Injector Long-range Sensor Array Improved Particle Charger Improved Phase Shifter Centrium Medium Armor Plating Centrium Medium Armor Plating Improved Powered Armor Experimental Thermal Shield EM Shield Improved Hardlight Generator Advanced Force Field Improved System Shield Drone Bay Plasma Rifle Heavy Plasma Cannon Railgun Advanced KE Penetrator Advanced KE Penetrator Grenade Launcher [Rating: 161] Favorites ----------- Power Reinforced Deuterium Engine Engine Reinforced Deuterium Engine Power Core Neutrino Core Reactor Quantum Reactor Propulsion Centrium Heavy Treads Treads Centrium Heavy Treads Leg Zionite Composite Leg I Wheel Wheel Hover Unit Gravmag System Flight Unit Flight Unit Utility Advanced Heat Sink Device Advanced Heat Sink Storage Huge Storage Unit Processor Enhanced Optical Array Hackware Makeshift Hacking Suite Protection Centrium Medium Armor Plating Weapon Spread Laser Energy Gun Spread Laser Energy Cannon Cooled Particle Cannon Ballistic Gun Heavy Machine Gun Launcher Grenade Launcher Build | -11 -10 -9 -9 -7 -7 -6 -6 -6 -6 -6 -6 -5 -5 -4 -3 ------- Run | Yrd Mat Mat Min Zio Dee Pro Fac Ext Cet Arc Hub Fac DSF Fac Res Slots Evolved 14 | . . 2 . . . . 6 . . . . 2 . 2 2 Power 2 | . . . . . . . 1 . . . . . . . 1 Propulsion 2 | . . 1 . . . . 1 . . . . . . . . Utility 8 | . . 1 . . . . 3 . . . . 1 . 2 1 Weapon 2 | . . . . . . . 1 . . . . 1 . . . Parts Attached 137 | 7 2 12 3 3 22 . 16 18 10 1 3 . 5 5 30 Power 22 | 1 . 3 . . 2 . 1 2 1 . . . 1 . 11 Engine 8 | 1 . 3 . . . . 1 2 . . . . . . 1 Core 2 | . . . . . . . . . . . . . 1 . 1 Reactor 12 | . . . . . 2 . . . 1 . . . . . 9 Propulsion 33 | 2 . 5 3 1 7 . 2 7 2 . . . . . 4 Treads 7 | 2 . . . . . . . . 2 . . . . . 3 Leg 12 | . . . . . 3 . 2 7 . . . . . . . Wheel 7 | . . . 3 . 4 . . . . . . . . . . Hover 1 | . . . . 1 . . . . . . . . . . . Flight 6 | . . 5 . . . . . . . . . . . . 1 Utility 45 | 2 . 1 . 1 10 . 8 5 2 . 1 . 2 4 9 Device 29 | 1 . . . 1 5 . 5 4 1 . . . 2 3 7 Storage 4 | 1 . . . . 1 . 1 1 . . . . . . . Processor 3 | . . 1 . . . . 1 . . . . . . 1 . Hackware 2 | . . . . . . . 1 . . . 1 . . . . Protection 7 | . . . . . 4 . . . 1 . . . . . 2 Artifact . | . . . . . . . . . . . . . . . . Weapon 37 | 2 2 3 . 1 3 . 5 4 5 1 2 . 2 1 6 Energy Gun 17 | . . 2 . 1 3 . . 1 4 1 . . 1 . 4 Energy Cannon 9 | . . . . . . . 3 2 . . 2 . 1 1 . Ballistic Gun 10 | 2 2 . . . . . 2 1 1 . . . . . 2 Ballistic Cannon . | . . . . . . . . . . . . . . . . Launcher 1 | . . 1 . . . . . . . . . . . . . Special Weapon . | . . . . . . . . . . . . . . . . Impact Weapon . | . . . . . . . . . . . . . . . . Slashing Weapon . | . . . . . . . . . . . . . . . . Piercing Weapon . | . . . . . . . . . . . . . . . . Special Melee Weapon . | . . . . . . . . . . . . . . . . Unidentified Prototypes 20 | . . . . . 10 . 3 . 4 . 1 . . . 2 Parts Lost 59 | . . 2 . . 5 . 5 11 . . . . 3 . 33 Power 12 | . . 1 . . 1 . . 2 . . . . 1 . 7 Propulsion 9 | . . 1 . . 2 . . 2 . . . . . . 4 Utility 22 | . . . . . 2 . 3 4 . . . . 2 . 11 Weapon 16 | . . . . . . . 2 3 . . . . . . 11 Highest Loss Streak 18 | . . 2 . . 2 . 5 3 . . . . 3 . 18 To Critical Strikes 4 | . . . . . . . . 1 . . . . . . 3 Average Backups 13 | 1 5 7 8 8 6 5 4 9 21 22 23 21 23 23 22 Power . | . . . . . . . . 1 1 1 1 1 1 2 1 Propulsion 1 | . . . . . 1 . . 1 5 2 2 2 1 . . Utility 5 | . 1 1 1 1 2 4 2 3 8 12 13 12 12 12 13 Weapon 4 | . 3 6 7 6 2 1 1 4 6 7 7 6 8 8 6 Tool/Special . | . . . . . . . . . . . . . . . . Unused Backups 37 | . . 5 . 1 4 . 3 . 4 2 . . 3 1 14 Power 1 | . . . . . . . 1 . . . . . . . . Propulsion 6 | . . . . . . . . . 3 . . . 1 1 1 Utility 14 | . . 1 . . 1 . 1 . . . . . 1 . 10 Weapon 16 | . . 4 . 1 3 . 1 . 1 2 . . 1 . 3 Tool/Special . | . . . . . . . . . . . . . . . . Average Slot Usage (%) 92 | . 100 83 93 97 93 100 92 95 91 86 85 86 83 88 85 Engine 6 | . 14 9 11 11 4 . 5 8 10 6 6 5 1 . . Reactor 4 | . . . . . 5 11 6 3 1 6 6 5 5 5 8 Treads 5 | . 28 9 . . . . . . 7 13 13 11 11 10 8 Leg 9 | . . . . . 7 33 25 23 10 . . . . . . Wheel 5 | . . . 13 29 20 . . . . . . . . . . Device 21 | . 14 11 11 14 23 33 28 24 20 20 20 17 15 20 21 Storage 5 | . 14 11 11 11 5 . . 4 6 6 6 5 5 5 3 Processor 2 | . . 3 11 7 . . 5 1 . . . . . 5 4 Hackware 4 | . . . . . . . 3 6 6 6 8 11 11 10 8 Protection 2 | . . . . . 3 . . . 5 6 3 3 5 5 3 Energy Gun 12 | . . 14 13 19 20 22 5 1 19 20 10 11 11 10 11 Energy Cannon 4 | . . . . . . . 6 9 . . 8 11 11 10 4 Ballistic Gun 3 | . 28 3 . . . . 3 7 . . . . . . . Peak Build Rating 161 | 7 8 13 14 19 64 64 97 91 108 112 112 120 127 142 161 Average Rating 78 | 5 7 10 13 14 33 64 87 75 93 110 108 119 119 139 147 On Entrance 66 | . 7 8 13 14 15 64 64 89 73 108 112 106 120 127 141 Avg Prop Armor Cover (%) 6 | . . . . 5 5 . . . 8 . . . . . . Naked Turns . | . . . . . . . . . . . . . . . . Heaviest Build 186 | 12 13 19 19 20 24 20 50 138 143 143 144 149 152 153 186 Greatest Support 160 | 40 40 40 30 30 76 76 104 104 160 160 160 160 160 160 160 Greatest Overweight (x) 3 | . . 3 1 . 1 . . 2 1 . . . . . 2 Average Overweight (x) . | . . . . . . . . . . . . . . . . Largest Inventory Capacity 25 | 8 8 8 8 8 8 5 5 25 25 25 25 25 25 25 25 Average Capacity 16 | 7 8 8 8 8 6 5 5 21 25 25 25 25 25 25 24 Most Carried 25 | 2 8 8 8 8 8 5 5 18 25 25 25 24 25 25 25 Average Carried 13 | 1 5 7 8 7 6 5 4 10 23 24 24 23 24 24 22 Final Capacity 25 | 8 8 8 8 8 5 5 5 25 25 25 25 25 25 25 5 Final Carried 25 | 2 8 8 8 8 5 5 5 18 23 25 25 24 25 25 3 Class Distribution -------------------- 42% | Scavenger-Tank 24% | Scavenger-Mutant 16% | Mutant 14% | Scavenger-Gunner Dominant Class ---------------- Mutant | -10/Materials Scavenger-Mutant | -9/Materials Scavenger-Mutant | -9/Mines Scavenger-Mutant | -7/Zion Scavenger-Mutant | -7/Deep Caves Scavenger-Mutant | -6/Proximity Caves Scavenger-Mutant | -6/Factory Scavenger-Gunner | -6/Extension Scavenger-Tank | -6/Cetus Scavenger-Tank | -6/Archives Scavenger-Tank | -6/Hub_04(d) Scavenger-Tank | -5/Factory Scavenger-Tank | -5/DSF Scavenger-Tank | -4/Factory Scavenger-Tank | -3/Research Resources | -11 -10 -9 -9 -7 -7 -6 -6 -6 -6 -6 -6 -5 -5 -4 -3 ----------- Run | Yrd Mat Mat Min Zio Dee Pro Fac Ext Cet Arc Hub Fac DSF Fac Res Matter Collected 2634 | 330 244 137 10 37 366 86 145 584 140 10 40 . 55 40 410 Remotely . | . . . . . . . . . . . . . . . . Salvage Created 4438 | 146 447 78 10 . 168 2 248 1074 105 193 298 . 198 231 1240 Parts 184 | 8 28 18 4 . 4 . 9 41 3 12 12 . 5 6 34 Haulers Intercepted 4 | . . . . . . . . . . . 2 . . . 2 Recyclers Shooed 4 | . 1 . . . . . 2 1 . . . . . . . Parts Field Recycled . | . . . . . . . . . . . . . . . . Retrieved Matter . | . . . . . . . . . . . . . . . . Parts Self-Destructed 11 | . . . . . . 11 . . . . . . . . . Prevented . | . . . . . . . . . . . . . . . . Parts Restored . | . . . . . . . . . . . . . . . . Kills | -11 -10 -9 -9 -7 -7 -6 -6 -6 -6 -6 -6 -5 -5 -4 -3 ------- Run | Yrd Mat Mat Min Zio Dee Pro Fac Ext Cet Arc Hub Fac DSF Fac Res Combat Hostiles Destroyed 74 | . 14 8 . . 5 1 4 17 2 1 1 . 2 2 17 Guns 49 | . 14 5 . . 1 1 3 8 1 1 . . 2 . 13 Cannons 11 | . . . . . . . . 6 . . 1 . . 2 2 AOE 6 | . . 3 . . 3 . . . . . . . . . . Classes Destroyed 19 | 2 3 . 1 . 3 1 2 1 . . 1 . . 1 4 Worker 2 | . . . 2 . . . . . . . . . . . . Builder 4 | . 1 . . . . . . 2 . . 1 . . . . Tunneler 3 | 3 . . . . . . . . . . . . . . . Hauler 4 | . . . . . . . . . . . 2 . . . 2 Recycler 2 | 1 . . . . . . . 1 . . . . . . . Operator 6 | . . . . . . . 1 . . 3 1 . . 1 . Drone 1 | . . . . . . 1 . . . . . . . . . Watcher 1 | . . . . . . . . . . . . . . . 1 Swarmer 22 | . 6 8 . . . . . 4 . . . . . . 4 Grunt 24 | . 8 . . . . . 3 6 1 . . . 1 . 5 Duelist 1 | . . . . . . . . . . . . . 1 . . Sentry 8 | . . . . . . . 1 5 . 1 1 . . . . Demolisher 1 | . . . . . . . . . . . . . . . 1 Hunter 4 | . . . . . . . . 2 . . . . . . 2 Programmer 2 | . . . . . . . . . . . . . . 2 . Cetus Guard 1 | . . . . . . . . . 1 . . . . . . Enhanced Grunt 1 | . . . . . . . . . . . . . . 1 . Striker 4 | . . . . . . . . . . . . . . . 4 Executioner 1 | . . . . . . . . . . . . . . . 1 Z-Light 4 | . . . . . 4 . . . . . . . . . . Assembled 1 | . . . . . 1 . . . . . . . . . . Butcher 1 | . . . . . 1 . . . . . . . . . . Best Kill Streak 8 | 2 4 8 2 . 3 1 2 4 1 2 1 . 2 2 7 Combat Bots Only 8 | . 4 8 . . 3 1 2 4 1 1 1 . 2 2 6 Max Kills in Single Turn 3 | 1 2 3 1 . 1 1 1 3 1 1 1 . 1 1 2 Gunslinging 1 | . . . . . . . . . . . . . . . 1 Exploded 3 | . . 3 . . 1 . . . . . . . . . . Melee . | . . . . . . . . . . . . . . . . Uniques/NPCs Destroyed 1 | . . . . . 1 . . . . . . . . . . Z-Imprinter (-7/Deep Caves) Combat | -11 -10 -9 -9 -7 -7 -6 -6 -6 -6 -6 -6 -5 -5 -4 -3 -------- Run | Yrd Mat Mat Min Zio Dee Pro Fac Ext Cet Arc Hub Fac DSF Fac Res Hostile Shots Fired 991 | . 64 40 . . 49 20 139 232 3 6 15 . 12 . 411 Missed 324 | . 15 11 . . 12 11 51 89 . 1 11 . 2 . 121 Hits 667 | . 49 29 . . 37 9 88 143 3 5 4 . 10 . 290 Melee 22 | . . . . . . . . 1 . . . . . . 21 Projectile 645 | . 49 29 . . 37 9 88 142 3 5 4 . 10 . 269 AOE 15 | . . . . . . . . . . . . . . . 15 Critical Strikes 25 | . 1 3 . . . . 2 2 1 . . . 2 . 14 Damage Taken 12538 | . 553 307 . . 893 73 1017 1573 80 118 149 . 431 . 7344 Core 2247 | . 131 74 . . 258 53 119 237 39 23 . . . . 1313 Absorbed by Shields 1272 | . . . . . . . 189 217 41 . . . . . 825 Redirected to Shielding 119 | . . . . . 119 . . . . . . . . . . Ignored by Resistances 402 | . . . . . 327 11 64 . . . . . . . . Regen/Repaired (Parts) 261 | . . . . 210 . . . . . . . . . . 51 Core Remaining (%) 66 | 100 47 . . . . 3 . . . . 50 . 100 100 . Volleys Fired 320 | 15 49 11 5 . 25 2 42 77 10 13 11 . 6 7 47 Largest 4 | 2 2 2 1 . 2 2 3 3 3 3 3 . 4 4 4 Hottest 352 | 40 40 130 65 . 130 120 170 185 224 236 236 . 288 288 352 Shots Fired 765 | 30 98 14 5 . 40 4 63 200 30 32 33 . 23 17 176 Gun 575 | 30 98 9 5 . 32 4 43 107 30 32 19 . 11 6 149 Cannon 177 | . . . . . . . 20 93 . . 14 . 12 11 27 Launcher 13 | . . 5 . . 8 . . . . . . . . . . Special . | . . . . . . . . . . . . . . . . Kinetic 261 | 30 98 . . . . . 11 87 . . . . . . 35 Thermal 485 | . . 9 5 . 32 4 46 113 30 32 33 . 23 17 141 Explosive 13 | . . 5 . . 8 . . . . . . . . . . Electromagnetic 6 | . . . . . . . 6 . . . . . . . . Robot Hit Streak 27 | 3 11 2 8 . 10 1 9 27 6 8 7 . 6 4 9 Robot Miss Streak 9 | 5 4 7 3 . 9 5 4 3 3 3 1 . 2 2 4 Penetration Max . | . . . . . . . . . . . . . . . . Secondary Targets 8 | . 4 . . . . . . . . . . . . . 4 Max Gunslinging Chain 1 | . 1 . . . . . . . . . . . . . 1 Shots Hit Robots 471 | 15 62 7 5 . 30 1 42 123 19 19 22 . 12 8 106 Core Hits 256 | 6 25 17 5 . 61 1 17 37 7 10 16 . 6 5 43 Critical Kills 13 | . . . . . . . . 3 . . . . . 1 9 Critical Parts Destroyed 8 | . . . . . . . . . . . . . . 1 7 Critical Strikes 27 | . . . . . . . . 6 1 1 1 . . 2 16 Burn 6 | . . . . . . . . 3 1 1 1 . . . . Meltdown 5 | . . . . . . . . 3 . . . . . . 2 Destroy 16 | . . . . . . . . . . . . . . 2 14 Melee Attacks . | . . . . . . . . . . . . . . . . Impact . | . . . . . . . . . . . . . . . . Slashing . | . . . . . . . . . . . . . . . . Piercing . | . . . . . . . . . . . . . . . . Sneak Attacks . | . . . . . . . . . . . . . . . . Combat Hostiles . | . . . . . . . . . . . . . . . . Follow-up Attacks . | . . . . . . . . . . . . . . . . Damage Inflicted 12412 | 181 715 209 64 . 869 30 1163 3454 498 529 956 . 428 309 3007 Guns 8039 | 181 712 79 64 . 380 30 942 1455 498 529 310 . 195 135 2529 Cannons 3364 | . . . . . . . 221 1999 . . 259 . 233 174 478 Explosions 1006 | . . 130 . . 489 . . . . . 387 . . . . Melee . | . . . . . . . . . . . . . . . . Ramming 3 | . 3 . . . . . . . . . . . . . . Kinetic 2718 | 181 712 . . . . . 216 1169 . . . . . . 440 Thermal 8528 | . . 79 64 . 380 30 790 2285 498 529 569 . 428 309 2567 Explosive 619 | . . 130 . . 489 . . . . . . . . . . Electromagnetic 544 | . . . . . . . 157 . . . 387 . . . . Impact . | . . . . . . . . . . . . . . . . Slashing . | . . . . . . . . . . . . . . . . Piercing . | . . . . . . . . . . . . . . . . Highest Corruption 1 | . . . . . . . . . . . . . . . 1 Average Corruption 1 | . . . . . . . . . . . . . . . 1 Corruption Purged . | . . . . . . . . . . . . . . . . Corruption Blocked . | . . . . . . . . . . . . . . . . Effects 6 | . . . . . . . . . . . . . . . 6 Message Errors 2 | . . . . . . . . . . . . . . . 2 Matter Fused 1 | . . . . . . . . . . . . . . . 1 Data Loss (minor) 1 | . . . . . . . . . . . . . . . 1 Data Loss (major) 1 | . . . . . . . . . . . . . . . 1 Weapon Failures 1 | . . . . . . . . . . . . . . . 1 Overload Shots . | . . . . . . . . . . . . . . . . Overflow Damage 31 | . . . . . . . 19 6 . . . . . . 6 Projectiles 31 | . . . . . . . 19 6 . . . . . . 6 Explosions . | . . . . . . . . . . . . . . . . Melee . | . . . . . . . . . . . . . . . . Knockbacks . | . . . . . . . . . . . . . . . . Impact . | . . . . . . . . . . . . . . . . Kinetic . | . . . . . . . . . . . . . . . . Secondary . | . . . . . . . . . . . . . . . . Self-Inflicted Damage 97 | . . . . . . . . . . . 97 . . . . Shots 1 | . . . . . . . . . . . 1 . . . . Rammed 1 | . 1 . . . . . . . . . . . . . . Targets Rammed 1 | . 1 . . . . . . . . . . . . . . Kicked . | . . . . . . . . . . . . . . . . Crushed . | . . . . . . . . . . . . . . . . Highest Temperature 216 | . 27 60 78 . 171 . 216 135 176 174 172 . 181 176 200 Average Temperature 75 | . 8 22 35 . 36 . 60 30 75 67 89 . 91 69 115 Received Heat Transfer 2004 | . 249 81 . . 302 18 295 319 4 18 6 . 54 . 658 Siege Activations . | . . . . . . . . . . . . . . . . Martial Activations . | . . . . . . . . . . . . . . . . Shielding Activations . | . . . . . . . . . . . . . . . . Robots Disrupted . | . . . . . . . . . . . . . . . . Combat Hostiles . | . . . . . . . . . . . . . . . . Robots Corrupted 1 | . . . . . . . 1 . . . . . . . . Combat Hostiles 1 | . . . . . . . 1 . . . . . . . . Parts Fried 5 | . . . . . . . 3 . . . 2 . . . . Impact Corruptions . | . . . . . . . . . . . . . . . . Robots Melted 8 | . . . . . 1 . . 3 1 . . . . . 3 Combat Hostiles 7 | . . . . . 1 . . 3 1 . . . . . 2 Parts Melted 25 | . . . . . 1 . . 6 1 1 2 . . 2 12 Heat Transferred 11847 | . . 100 85 . 403 37 1036 3143 832 814 925 . 594 385 3493 Parts Sabotaged . | . . . . . . . . . . . . . . . . Parts Stolen . | . . . . . . . . . . . . . . . . Parts Stripped . | . . . . . . . . . . . . . . . . Power Chain Reactions . | . . . . . . . . . . . . . . . . Alert | -11 -10 -9 -9 -7 -7 -6 -6 -6 -6 -6 -6 -5 -5 -4 -3 ------- Run | Yrd Mat Mat Min Zio Dee Pro Fac Ext Cet Arc Hub Fac DSF Fac Res Maximum Alert Level 3 | . . 1 . . . . 1 3 3 2 3 1 2 1 . Low Security (%) 64 | 100 100 93 100 . . . 42 78 . . 34 . . 59 100 Level 1 17 | . . 6 . . . . 57 3 20 62 17 100 77 40 . Level 2 14 | . . . . . . . . 6 77 37 46 . 22 . . Level 3 3 | . . . . . . . . 10 2 . 1 . . . . Level 4 . | . . . . . . . . . . . . . . . . Level 5 . | . . . . . . . . . . . . . . . . High Security . | . . . . . . . . . . . . . . . . Max Security . | . . . . . . . . . . . . . . . . Sterilizations 1 | . . . . . . . . . . . . . 1 . . Peak Influence 948 | 10 182 205 60 . . . 358 948 724 456 811 396 547 297 128 Initial 440 | . . 65 50 . . . 358 33 440 287 107 396 270 287 47 Average 191 | 1 102 137 52 . . . 193 190 458 380 322 391 359 185 28 Influence Increases 5626 | 20 353 225 10 . . 189 439 1641 706 239 834 . 347 94 529 Destroy 0b10 Robot/C 2560 | . 280 160 . . . 120 80 800 320 80 180 . 160 40 340 Destroy 0b10 Robot/NC 170 | 20 5 . 10 . . 10 5 40 10 15 35 . . 5 15 Destroy Leader 406 | . 60 20 . . . 10 20 114 20 . 66 . 20 10 66 Allied During Kill 1360 | . . . . . . 34 . 469 341 95 281 . 132 8 . Successful Hack 147 | . 6 9 . . . . 8 35 . . 11 . . 21 57 Disable Machine 285 | . . 15 . . . . . 75 . 45 135 . 15 . . Destroy Structure 263 | . 2 21 . . . . 11 48 15 4 126 . 20 10 6 Advance Influence 300 | . . . . . . . 300 . . . . . . . . Partial Spotted 15 | . . . . . . . 15 . . . . . . . . Lose Combat Pursuer 120 | . . . . . . 15 . 60 . . . . . . 45 Influence Decreases 5596 | 20 197 251 90 50 . 95 464 924 774 649 331 425 186 550 590 Entered New Map 2106 | . . 91 80 50 . . 36 36 346 431 201 415 116 260 44 Time Decay 2504 | 20 197 140 10 . . 95 278 486 368 198 130 10 . 270 302 Search Patrol Dispatched 100 | . . . . . . . 100 . . . . . . . . Lost Part 414 | . . 20 . . . . 50 70 . . . . 30 . 244 Lost Ally 234 | . . . . . . . . 94 60 20 . . 40 20 . Purge Threat 238 | . . . . . . . . 238 . . . . . . . Squads Dispatched 22 | . 3 1 . . . . 1 6 . . 3 . 1 2 5 Investigation 9 | . 1 . . . . . . 5 . . . . . . 3 Extermination 4 | . . . . . . . 1 . . . 1 . . 2 . Reinforcement 8 | . 2 1 . . . . . . . . 2 . 1 . 2 Assault 1 | . . . . . . . . 1 . . . . . . . Garrison . | . . . . . . . . . . . . . . . . Intercept . | . . . . . . . . . . . . . . . . Searches Triggered 1 | . . . . . . . 1 . . . . . . . . Construction Impeded . | . . . . . . . . . . . . . . . . Haulers Reinforced 1 | . . . . . . . . . . . 1 . . . . Active Scanning Responses . | . . . . . . . . . . . . . . . . Cargo Convoy Interrupts . | . . . . . . . . . . . . . . . . Stealth | -11 -10 -9 -9 -7 -7 -6 -6 -6 -6 -6 -6 -5 -5 -4 -3 --------- Run | Yrd Mat Mat Min Zio Dee Pro Fac Ext Cet Arc Hub Fac DSF Fac Res Distress Signals 10 | . 3 . . . . . . . 2 . 1 . . . 4 Communications Jammed 10 | . . . . . . . . 7 . . 3 . . . . Distress Signals 10 | . . . . . . . . 7 . . 3 . . . . Times Spotted 190 | . 20 10 . . 16 6 6 47 17 10 8 . 6 4 40 Peak Tracking Total 8 | . 5 5 . . 5 3 4 8 5 1 2 . 4 2 8 Tactical Retreats 8 | . . . . . 1 1 . 4 . . . . . . 2 Traps | -11 -10 -9 -9 -7 -7 -6 -6 -6 -6 -6 -6 -5 -5 -4 -3 ------- Run | Yrd Mat Mat Min Zio Dee Pro Fac Ext Cet Arc Hub Fac DSF Fac Res Traps Triggered 10 | . . . . . . . 1 7 . . 1 . . . 1 Indirectly 1 | . . . . . . . . . . . 1 . . . . Trap Hack Attempts . | . . . . . . . . . . . . . . . . Triggered . | . . . . . . . . . . . . . . . . Disarmed . | . . . . . . . . . . . . . . . . Reprogrammed . | . . . . . . . . . . . . . . . . Reused . | . . . . . . . . . . . . . . . . Traps Extracted . | . . . . . . . . . . . . . . . . Installed . | . . . . . . . . . . . . . . . . Triggered . | . . . . . . . . . . . . . . . . Machines | -11 -10 -9 -9 -7 -7 -6 -6 -6 -6 -6 -6 -5 -5 -4 -3 ---------- Run | Yrd Mat Mat Min Zio Dee Pro Fac Ext Cet Arc Hub Fac DSF Fac Res Machines Disabled 20 | . . 1 . . . . . 6 . 3 9 . 1 . . Max in Single Turn 9 | . . 1 . . . . . 1 . 1 9 . 1 . . Network Hub 1 | . . . . . . . . . . . 1 . . . . Energy Cycler 2 | . . . . . . . . 2 . . . . . . . Machines Repaired . | . . . . . . . . . . . . . . . . Machines Dismantled . | . . . . . . . . . . . . . . . . Machines Sabotaged . | . . . . . . . . . . . . . . . . Overloaded Fab Kills . | . . . . . . . . . . . . . . . . Hacking | -11 -10 -9 -9 -7 -7 -6 -6 -6 -6 -6 -6 -5 -5 -4 -3 --------- Run | Yrd Mat Mat Min Zio Dee Pro Fac Ext Cet Arc Hub Fac DSF Fac Res Machines Accessed 34 | . 1 3 . . . . 7 13 1 . 2 1 . 3 3 Terminals 27 | . 1 3 . . . . 4 13 1 . 2 1 . 2 . Fabricators 2 | . . . . . . . . . . . . . . 1 1 Repair Stations 2 | . . . . . . . 1 . . . . . . . 1 Recycling Units 1 | . . . . . . . 1 . . . . . . . . Scanalyzers 1 | . . . . . . . 1 . . . . . . . . Garrison Access 1 | . . . . . . . . . . . . . . . 1 Total Hacks 87 | . 3 7 . . . . 18 29 1 . 9 2 . 8 10 Successful 32 | . 1 4 . . . . 7 10 1 . 3 1 . 1 4 Failed 55 | . 2 3 . . . . 11 19 . . 6 1 . 7 6 Catastrophic 15 | . 1 . . . . . 2 4 . . 2 . . 4 2 Database Lockouts . | . . . . . . . . . . . . . . . . Manual 26 | . 3 2 . 5 . . . 4 1 1 4 . . 6 . Terminals 63 | . 3 7 . . . . 7 29 1 . 9 2 . 5 . Fabricators 5 | . . . . . . . . . . . . . . 3 2 Repair Stations 7 | . . . . . . . 1 . . . . . . . 6 Recycling Units 1 | . . . . . . . 1 . . . . . . . . Scanalyzers 9 | . . . . . . . 9 . . . . . . . . Garrison Access 2 | . . . . . . . . . . . . . . . 2 Terminal Hacks 24 | . 1 4 . . . . 3 10 1 . 3 1 . 1 . Robot Analysis 2 | . 1 1 . . . . . . . . . . . . . Open Door 9 | . . . . . . . 1 7 1 . . . . . . Open DSF 1 | . . . . . . . . . . . . 1 . . . Branch Access Points 1 | . . . . . . . 1 . . . . . . . . Terminal Index 1 | . . . . . . . . . . . 1 . . . . Unreport Threat 2 | . . . . . . . . 2 . . . . . . . Dispatch Records 1 | . . 1 . . . . . . . . . . . . . Recall Reinforcements 1 | . . . . . . . . . . . 1 . . . . Hauler Manifests 1 | . . . . . . . 1 . . . . . . . . Registered Components 2 | . . . . . . . . 1 . . 1 . . . . Zone Layout 3 | . . 2 . . . . . . . . . . . 1 . Fabricator Hacks 1 | . . . . . . . . . . . . . . . 1 Build 1 | . . . . . . . . . . . . . . . 1 Repair Station Hacks 3 | . . . . . . . . . . . . . . . 3 Scan Component 2 | . . . . . . . . . . . . . . . 2 Repair 1 | . . . . . . . . . . . . . . . 1 Recycling Unit Hacks 1 | . . . . . . . 1 . . . . . . . . Retrieve Components 1 | . . . . . . . 1 . . . . . . . . Scanalyzer 3 | . . . . . . . 3 . . . . . . . . Retrieve Study 3 | . . . . . . . 3 . . . . . . . . Garrison Access Hacks . | . . . . . . . . . . . . . . . . Unauthorized Hacks . | . . . . . . . . . . . . . . . . Terminals . | . . . . . . . . . . . . . . . . Fabricators . | . . . . . . . . . . . . . . . . Repair Stations . | . . . . . . . . . . . . . . . . Recycling Units . | . . . . . . . . . . . . . . . . Scanalyzers . | . . . . . . . . . . . . . . . . Garrison Access . | . . . . . . . . . . . . . . . . Data Cores Recovered 4 | . . . . . . . 1 1 . . 1 . . 1 . Used 2 | . . . . . . . . 1 . . . . . 1 . Hacking Detections 25 | . 1 3 . . . . 4 9 . . 2 . . 3 3 Full Trace Events 7 | . 1 . . . . . . 5 . . . . . . 1 Feedback Events 1 | . . . . . . . . . . . . . . . 1 Corruption 1 | . . . . . . . . . . . . . . . 1 Feedback Blocked . | . . . . . . . . . . . . . . . . Robot Schematics Acquired . | . . . . . . . . . . . . . . . . Robots Built . | . . . . . . . . . . . . . . . . Authchips . | . . . . . . . . . . . . . . . . Time . | . . . . . . . . . . . . . . . . Total Robot Build Rating . | . . . . . . . . . . . . . . . . Part Schematics Acquired . | . . . . . . . . . . . . . . . . Parts Built 2 | . . . . . . . . . . . . . . . 2 Authchips . | . . . . . . . . . . . . . . . . Time 46 | . . . . . . . . . . . . . . . 46 Total Part Build Rating 18 | . . . . . . . . . . . . . . . 18 Part Studies Acquired 3 | . . . . . . . 3 . . . . . . . . Parts Repaired 1 | . . . . . . . . . . . . . . . 1 Time 29 | . . . . . . . . . . . . . . . 29 Parts Recycled . | . . . . . . . . . . . . . . . . Recycled Matter . | . . . . . . . . . . . . . . . . Retrieved Matter . | . . . . . . . . . . . . . . . . Retrieved Components 1 | . . . . . . . 1 . . . . . . . . Parts Scanalyzed . | . . . . . . . . . . . . . . . . Part Schematics Acquired . | . . . . . . . . . . . . . . . . Parts Damaged . | . . . . . . . . . . . . . . . . Bothacking | -11 -10 -9 -9 -7 -7 -6 -6 -6 -6 -6 -6 -5 -5 -4 -3 ------------ Run | Yrd Mat Mat Min Zio Dee Pro Fac Ext Cet Arc Hub Fac DSF Fac Res Used RIF Installer . | . . . . . . . . . . . . . . . . Robots Hacked . | . . . . . . . . . . . . . . . . Non-combat . | . . . . . . . . . . . . . . . . Combat . | . . . . . . . . . . . . . . . . Robot Hacks Applied . | . . . . . . . . . . . . . . . . Relay Couplers Released . | . . . . . . . . . . . . . . . . Fabnet Peak Effective % . | . . . . . . . . . . . . . . . . Robots Rewired 4 | . . . . . . . . 4 . . . . . . . Allies Hacked . | . . . . . . . . . . . . . . . . Hacks Repelled . | . . . . . . . . . . . . . . . . Allies | -11 -10 -9 -9 -7 -7 -6 -6 -6 -6 -6 -6 -5 -5 -4 -3 -------- Run | Yrd Mat Mat Min Zio Dee Pro Fac Ext Cet Arc Hub Fac DSF Fac Res Total Allies 28 | . . . . 7 . . . 16 5 . . . . . . Largest Group 14 | . . . . 7 7 1 1 12 14 9 7 4 4 1 . Highest-Rated Group 888 | . . . . 335 335 96 87 537 888 718 526 384 384 96 . Highest-Rated Ally 159 | . . . . 96 96 96 87 159 159 153 96 96 96 96 . Initial Warlord ECA Mod 9 | . . . . . . . . . . . . . . 9 8 Total Orders . | . . . . . . . . . . . . . . . . Ally Attacks 461 | . . . . . 91 21 . 159 90 19 52 . 24 5 . Total Damage 11891 | . . . . . 1572 651 . 3328 2755 333 1986 . 1167 99 . Kills 90 | . . . . . 15 7 . 28 19 3 12 . 6 . . Allies Corrupted . | . . . . . . . . . . . . . . . . Allies Melted 2 | . . . . . . . . 2 . . . . . . . Intel | -11 -10 -9 -9 -7 -7 -6 -6 -6 -6 -6 -6 -5 -5 -4 -3 ------- Run | Yrd Mat Mat Min Zio Dee Pro Fac Ext Cet Arc Hub Fac DSF Fac Res Active Infowar (turns) 7541 | 55 432 282 39 868 558 . 605 2047 3 . 242 32 167 592 1619 Optics 2211 | . . . . . . . . . . . . . . 592 1619 Sensors 565 | . . . . . . . . . . . . . . . 565 IFF 1375 | . . . . . . . . . . . . . . 466 909 Terrain 406 | . . . . . 13 . 267 126 . . . . . . . Seismic 2221 | 55 432 282 39 868 545 . . . . . . . . . . Jamming 4971 | . . . . . . . 473 2047 3 . 242 32 167 592 1415 Robot Analysis Total 2 | . 1 1 . . . . . . . . . . . . . Derelict Logs Recovered 2 | . . . . 1 . 1 . . . . . . . . . Drone Launches . | . . . . . . . . . . . . . . . . Drone Recoveries . | . . . . . . . . . . . . . . . . Exploration | -11 -10 -9 -9 -7 -7 -6 -6 -6 -6 -6 -6 -5 -5 -4 -3 ------------- Run | Yrd Mat Mat Min Zio Dee Pro Fac Ext Cet Arc Hub Fac DSF Fac Res Turns Passed 10275 | 223 432 282 39 868 1369 469 610 2047 851 409 266 32 167 592 1619 Spaces Moved 5876 | 94 163 162 26 986 1179 335 396 903 312 176 138 17 78 287 624 Core 16 | 2 . . . . . . . . . . . . . . 14 Treads 1832 | 92 163 61 . . . . . . 286 176 138 17 78 287 534 Legs 1914 | . . . . . 254 335 396 903 26 . . . . . . Wheels 1935 | . . . 24 986 925 . . . . . . . . . . Hover . | . . . . . . . . . . . . . . . . Flight 179 | . . 101 2 . . . . . . . . . . . 76 Fastest Speed 45 | 50 160 114 80 80 80 113 111 115 160 160 160 160 160 160 45 Average Speed 136 | 157 160 132 83 80 88 113 114 185 202 160 160 160 160 160 204 Slowest Speed 305 | 160 160 300 114 80 115 113 115 285 240 160 160 160 160 160 305 Overloaded Moves . | . . . . . . . . . . . . . . . . Propulsion Burnouts . | . . . . . . . . . . . . . . . . Robots Hopped . | . . . . . . . . . . . . . . . . Potential Cave-ins 1 | . . . . . . . 1 . . . . . . . . Cave-ins Triggered 1 | . . . . . . . 1 . . . . . . . . Exploration Rate (%) 42 | 5 50 17 8 78 84 53 10 85 73 89 20 1 88 10 15 Regions Visited 15 Branch Regions 8 Pre-discovered Areas 2 | . . . . 2 . . . . . . . . . . . Known Exits Taken 3 | . . . . . . . 1 . . . 1 1 . . . Unknown Exits Taken 11 | 1 1 1 1 1 1 1 . 1 1 1 . . . 1 . Scrap Searched 2 | . . . . 1 . 1 . . . . . . . . . Spaces Dug 11 | . . . . . . . 9 . . . . . . 2 . Terrain Destroyed 257 | . . 27 . . 8 2 15 11 1 . 166 . . 4 23 Melee . | . . . . . . . . . . . . . . . . Projectile 60 | . . . . . . 2 15 11 1 . 4 . . 4 23 AOE 197 | . . 27 . . 8 . . . . . 162 . . . . Terrain Rammed . | . . . . . . . . . . . . . . . . Walls Destroyed . | . . . . . . . . . . . . . . . . Machines Disabled . | . . . . . . . . . . . . . . . . Actions | -11 -10 -9 -9 -7 -7 -6 -6 -6 -6 -6 -6 -5 -5 -4 -3 --------- Run | Yrd Mat Mat Min Zio Dee Pro Fac Ext Cet Arc Hub Fac DSF Fac Res Total 7560 | 138 244 217 37 1065 1467 421 491 1124 515 281 161 22 109 408 860 Wait 902 | 21 22 12 . 70 206 85 11 25 153 85 3 3 5 103 98 Move 5860 | 93 162 161 25 985 1178 334 394 902 311 175 137 16 77 286 624 Hop . | . . . . . . . . . . . . . . . . Pick Up 89 | 2 6 5 . 1 4 . 9 15 9 4 1 1 9 4 19 Fast Attach 77 | 7 . 7 3 2 17 . 12 9 6 . 2 . 2 . 10 Attach 35 | . . . . . . . 4 6 . . . 2 1 2 20 Detach 8 | . . . . 1 1 . . 1 3 . 2 . . . . Swap 60 | . 2 8 1 2 13 . 6 5 6 1 2 . 2 3 9 Drop 125 | . 2 13 3 4 23 . 12 4 17 3 3 . 7 3 31 Fire 320 | 15 49 11 5 . 25 2 42 77 10 13 11 . 6 7 47 Melee . | . . . . . . . . . . . . . . . . Ram . | . . . . . . . . . . . . . . . . Kick . | . . . . . . . . . . . . . . . . Crush 1 | . 1 . . . . . . . . . . . . . . Escape Stasis 33 | . . . . . . . 1 30 . . . . . . 2 Rewire 50 | . . . . . . . . 50 . . . . . . . Trap . | . . . . . . . . . . . . . . . . Miscellaneous . | . . . . . . . . . . . . . . . . Route ------- -11/Scrapyard -10/Materials -9/Materials -9/Mines -7/Zion (discovered 2 exits: [*Dee] / [*Pro]) -7/Deep Caves -6/Proximity Caves -6/Factory (discovered 5 exits: Fac / Low x2 / *Ext x2) -6/Extension (discovered 2 exits: *Fac / *Cet) -6/Cetus (discovered 2 exits: *Fac / *Arc) -6/Archives (discovered 3 exits: *Fac / *Hub x2) -6/Hub_04(d) -5/Factory -5/DSF -4/Factory -3/Research History --------- Turn | Location | Event 2 | -11/Scrapyard | Met Revision 17 9 | -11/Scrapyard | Discovered new exit (range 15) 224 | -11/Scrapyard | Entered Materials 301 | -10/Materials | Build established: Mutant 510 | -10/Materials | Core integrity fell below 50% 630 | -10/Materials | Discovered new exit (range 16) 656 | -10/Materials | Entered another Materials area 656 | -9/Materials | Evolved 2 slots: Propulsion x1, Utility x1 778 | -9/Materials | Destroyed 8 combat bots 869 | -9/Materials | Discovered new exit (range 8) 938 | -9/Materials | Entered Mines 972 | -9/Mines | A Derelict revealed a hidden shortcut to a safe place 977 | -9/Mines | Entered Zion 1031 | -7/Zion | Gained Derelict followers 1065 | -7/Zion | Discovered new exit (range 13) 1075 | -7/Zion | Visited the Megawrench Repair Shop 1079 | -7/Zion | Build established: Scavenger-Mutant 1256 | -7/Zion | Acquired unknown access codes intercepted by a Zionite 1293 | -7/Zion | Given A8's code to call for help 1297 | -7/Zion | Learned location of Data Miner (-6) 1327 | -7/Zion | Learned Factory stockpile data 1637 | -7/Zion | Megawrench repaired 8 parts 1806 | -7/Zion | Enhanced Grunt warped into view, answering call for help 1810 | -7/Zion | Opened final containment barrier to the Deep Caves 1815 | -7/Zion | Enhanced Grunt warped into view, answering call for help 1822 | -7/Zion | Discovered new exit (range 5) 1828 | -7/Zion | Saw the warning signs outside the Deep Caves entrance 1845 | -7/Zion | Entered Deep Caves 1845 | -7/Deep Caves | Accompanied by 7 allies 1866 | -7/Deep Caves | Build established: Mutant 1932 | -7/Deep Caves | Found Surveybot 24 Chip 1933 | -7/Deep Caves | Found Surveybot 24 Scanner 2403 | -7/Deep Caves | Attacked by Z-Imprinter 2429 | -7/Deep Caves | Allies destroyed Z-Imprinter 2432 | -7/Deep Caves | Found Prototype Device 2432 | -7/Deep Caves | Identified Exp. Thermal Shield 2527 | -7/Deep Caves | Z-Facility disabled 2540 | -7/Deep Caves | Found Prototype Protection 2540 | -7/Deep Caves | Identified Zio. Weapon Casing 2688 | -7/Deep Caves | Spotted Golem 2700 | -7/Deep Caves | Core integrity fell below 50% 2705 | -7/Deep Caves | Build established: Scavenger-Mutant 2889 | -7/Deep Caves | Lost 3 allies 2902 | -7/Deep Caves | Found Zio. Weapon Casing 2921 | -7/Deep Caves | Found Prototype Protection 2921 | -7/Deep Caves | Identified Zio. Heavy Carapace 2926 | -7/Deep Caves | Core integrity fell below 20% 3200 | -7/Deep Caves | Discovered new exit (range 7) 3214 | -7/Deep Caves | Entered Proximity Caves 3214 | -6/Proximity Caves | Accompanied by 1 ally 3216 | -6/Proximity Caves | Spotter reported a threat 3217 | -6/Proximity Caves | Spotter reported a threat 3445 | -6/Proximity Caves | Attracted the attention of an 0b10 checkpoint 3465 | -6/Proximity Caves | Learned 8 Factory zone layouts 3645 | -6/Proximity Caves | Discovered new exit (range 10) 3683 | -6/Proximity Caves | Entered Factory 3683 | -6/Factory | Accompanied by 1 ally 3683 | -6/Factory | Evolved 6 slots: Power x1, Propulsion x1, Utility x3, Weapon x1 3684 | -6/Factory | Identified exit to Factory 3963 | -6/Factory | Lost 5 parts (3u2w) 4033 | -6/Factory | Search patrols dispatched 4088 | -6/Factory | Identified exit to Lower Caves 4088 | -6/Factory | Identified exit to Extension 4273 | -6/Factory | Crushed by falling debris 4293 | -6/Factory | Entered Extension 4412 | -6/Extension | Spotted B-75 Beast 4808 | -6/Extension | Rescued A7 4826 | -6/Extension | Lost 3 parts (1p1n1u) 4827 | -6/Extension | Build established: Scavenger-Gunner 4856 | -6/Extension | Rescued a captive Derelict 4858 | -6/Extension | Rescued a captive Derelict 4952 | -6/Extension | Rescued a captive Derelict 5083 | -6/Extension | Rescued a captive Derelict 5098 | -6/Extension | Rescued a captive Derelict 5483 | -6/Extension | Allies destroyed B-75 Beast 5491 | -6/Extension | Spotted B-75 Beast 5497 | -6/Extension | Allies destroyed B-75 Beast 5536 | -6/Extension | Lost 4 allies 5822 | -6/Extension | Rescued a captive Derelict 5848 | -6/Extension | Rescued a captive Derelict 5882 | -6/Extension | Rescued a captive Derelict 5883 | -6/Extension | Rescued a captive Derelict 5986 | -6/Extension | Energy Cycler disabled 5988 | -6/Extension | Rescued a captive Derelict 5989 | -6/Extension | Rescued a captive Derelict 5990 | -6/Extension | Rescued a captive Derelict 6043 | -6/Extension | First assault squad dispatched 6066 | -6/Extension | Build established: Scavenger-Tank 6301 | -6/Extension | Discovered exit to Factory (range 10) 6303 | -6/Extension | Discovered new exit (range 6) 6340 | -6/Extension | Entered Cetus 6340 | -6/Cetus | Accompanied by 10 allies (A7) 6345 | -6/Cetus | Acquired a Cetus Manufacturing Module code from A7 6367 | -6/Cetus | Spotted Cetus Guard 6368 | -6/Cetus | Spotted Cetus Guard 6370 | -6/Cetus | Spotted Cetus Guard 6370 | -6/Cetus | Spotted Cetus Guard 6370 | -6/Cetus | Allies destroyed Cetus Guard 6372 | -6/Cetus | Allies destroyed Cetus Guard 6376 | -6/Cetus | Destroyed Cetus Guard 6392 | -6/Cetus | Allies destroyed Cetus Guard 6600 | -6/Cetus | Escorted A7 to Cetus Mainframe 6642 | -6/Cetus | Started Cetus Manufacturing Module 6667 | -6/Cetus | Manufactured an Enhanced Grunt 6692 | -6/Cetus | Manufactured an Enhanced Grunt 6717 | -6/Cetus | Manufactured an Enhanced Grunt 6742 | -6/Cetus | Manufactured an Enhanced Grunt 6767 | -6/Cetus | Manufactured an Enhanced Grunt 6847 | -6/Cetus | Discovered new exit (range 16) 6893 | -6/Cetus | Spotted Cetus Guard 6893 | -6/Cetus | Spotted Cetus Guard 6894 | -6/Cetus | Allies destroyed Cetus Guard 6896 | -6/Cetus | Spotted Cetus Guard 6896 | -6/Cetus | Spotted Cetus Guard 6896 | -6/Cetus | Allies destroyed Cetus Guard 6906 | -6/Cetus | Allies destroyed Cetus Guard 6909 | -6/Cetus | Allies destroyed Cetus Guard 6919 | -6/Cetus | Discovered exit to Factory (range 15) 6931 | -6/Cetus | Met Revision 17 7090 | -6/Cetus | Security sweep announced 7191 | -6/Cetus | Entered Archives 7191 | -6/Archives | Accompanied by 9 allies (A7) 7196 | -6/Archives | Received a hacking code to weaken MAIN.C 7203 | -6/Archives | Lost 4 allies 7257 | -6/Archives | Discovered new exit (range 16) 7278 | -6/Archives | Discovered exit to Factory (range 15) 7307 | -6/Archives | Discovered new exit (range 16) 7394 | -6/Archives | Unable to access archive contents 7410 | -6/Archives | Unable to access archive contents 7437 | -6/Archives | Unable to access archive contents 7600 | -6/Archives | Entered Hub_04(d) 7600 | -6/Hub_04(d) | Accompanied by 7 allies 7839 | -6/Hub_04(d) | Discovered exit to Factory (range 5) 7863 | -6/Hub_04(d) | Network Hub disabled 7866 | -6/Hub_04(d) | Entered Factory 7866 | -5/Factory | Accompanied by 4 allies 7866 | -5/Factory | Evolved 2 slots: Utility x1, Weapon x1 7898 | -5/Factory | Identified exit to DSF 7898 | -5/Factory | Entered DSF 7898 | -5/DSF | Accompanied by 4 allies 7942 | -5/DSF | Additional patrols routed to DSF 7958 | -5/DSF | Lost 3 parts (1p2u) 8008 | -5/DSF | Discovered new exit (range 15) 8042 | -5/DSF | Found Exp. Thermal Shield 8051 | -5/DSF | Sterilization system engaged 8065 | -5/DSF | Entered Factory 8065 | -4/Factory | Accompanied by 2 allies 8065 | -4/Factory | Evolved 2 slots: Utility x2 8506 | -4/Factory | Discovered new exit (range 7) 8620 | -4/Factory | Found Imp. Powered Armor 8657 | -4/Factory | Entered Research 8657 | -3/Research | Evolved 2 slots: Power x1, Utility x1 8857 | -3/Research | Revision forces began assault on 0b10 8862 | -3/Research | Fabricated Quantum Reactor (x2) 8899 | -3/Research | Met up with Revision 17++ 9091 | -3/Research | Repaired Exp. Heat Sink 9357 | -3/Research | Research terminal network offline 9416 | -3/Research | Spotted Striker 9456 | -3/Research | Lost 4 allies 9519 | -3/Research | Lost 4 parts (1p3w) 9811 | -3/Research | Spotted Executioner 9833 | -3/Research | Destroyed Executioner 9860 | -3/Research | Found Prototype Device 9860 | -3/Research | Identified Adv. Kinecellerator 9919 | -3/Research | Spotted Striker 9923 | -3/Research | Spotted Striker 9925 | -3/Research | Destroyed Striker 9925 | -3/Research | Destroyed Striker 10047 | -3/Research | Spotted Striker 10077 | -3/Research | Destroyed Striker 10128 | -3/Research | Lost 9 parts (2p2n2u3w) 10168 | -3/Research | Spotted Striker 10168 | -3/Research | Spotted Executioner 10194 | -3/Research | Spotted Executioner 10199 | -3/Research | Destroyed Striker 10201 | -3/Research | Spotted Striker 10226 | -3/Research | Core integrity fell below 50% 10235 | -3/Research | Core integrity fell below 20% 10259 | -3/Research | Lost 18 parts (3p2n8u5w) 10276 | -3/Research | Destroyed by Executioner with Helical Railgun Last Messages --------------- 10225_ Penetrated by Slug. 10225_ Exp. Reaction Control System destroyed. 10226_ Dropped Rnf. Deuterium Engine. 10226_ Dropped Hvy. Machine Gun. 10227_ Dropped Drone Bay. 10227_ Dropped EM Shield. 10228_ Adv. Force Field destroyed. 10228_ Dropped Hvy. Plasma Cannon. 10228_ Mak. Hacking Suite destroyed. 10228_ Imp. System Shield destroyed. 10228_ Penetrated by Slug. 10233_ Dropped Huge Storage Unit. 10234_ Acquired 6 matter. 10244_ Penetrated by Slug. 10268_ Slug penetrates Field Manipulator. 10268_ Slug penetrates Wall. 10268_ Slug penetrates Field Manipulator. 10273_ Acquired 3 matter. 10276_ Acquired 7 matter. 10276_ Penetrated by Slug. Map ----- +----------------------------------------------------+ | ?????????????????????????????????????????????????? | | ?????????????????????????????????????????????????? | | ?????????????????????????????????????????????????? | | ?????????????????????????????????????????????????? | | ?????????????????????????????????????????????????? | | ?????????????????????????????????????????????????? | | ????????????????????????###??????????????????????? | | ??????????????????????### ######?????????????????? | | ?????????????????????## ##????????????????? | | ????????????????????## ## # ## ##???????????????? | | ??????????###???????# #???????????????? | | ????#######%######??# # #???????????????? | | ????# #??# ####???????????????? | | ????# "??# #???????????????? | | ????# "" """ #??# #???????????????? | | ????# "T """ #??# #???????????????? | | ????# "" "" #??# ????????????????? | | ????# #??# ??????????????????? | | ????# #?##;; # #??????????? #??????? | | ????# """ ## ; ] % ########## #??????? | | ????# ! """ "";## | #??????? | | ????# ! ![""" "" =% * #??????? | | ????# ! !%=! "%"#### = ! #??????? | | ????# =!%![ ""#??# % ! #??????? | | ##+###"##""""""###???#* !!!!########## #??????? | | =! [%=""#########!@###????????? #??????? | | !!%!!= !!|" ##[%#??????????? ???????? | | !!=!%=%/=!!!! ##%!###????????? ???????? | | =%%*=%[%!%!*! "*!=; ######???? ???????? | | ""!["""%!!%!!# """ ##%*# #???? ???????? | | "[ %!]%!# "S ! ## # #???? ???????? | | " "![!*# """ ##[K# #????# #???????? | | # # " ]]%+ "" ##!%+ ! #????# #???????? | | [ ?## " "%" ##!!# #????# +???????? | | ??# "% ="# ## # #????# #???????? | | ???# " = % # ##### ###/#######?# #???????? | | ???# # # / !# # """ #?# #???????? | | ???# # "% # ! # + """ #?# #???????? | | ######"#" % # # """ ### ######??? | | ["" # # + #??? | | # %"" #E # ### #??? | | # [%! # # #?##+### %[! | | # = ;! # #?? ?????# | | ###"##### ;%!" #?? ???????? | | ? #???#" # ## ! "##########? ??????? | | ????#" !# " #????????? ??????? | | " ?????#" ## ###???????? #?????? | | " ?????## ## #????????? #?????? | | ????????# #????????# ! #?????? | | ????????# ##????????# #?????? | +----------------------------------------------------+ Best States ------------- Heat Dissipation 108 Coolant Potential 200 Energy Generation 65 Energy Capacity 850 Matter Stores 300 Matter Capacity 300 Sight Range 22 Robot Scan Range 18 Terrain Scan Range 24 Terrain Scan Density 2010 Jamming Range 16 Armor Coverage 1200 Resistance: TH 30 Resistance: EM 25 Weapon Shielding 100 Phase Shifting 10 Evasion (%) 61 Recoil Reduction 4 Particle Charging 25 Offensive Hacking 11 Defensive Hacking 12 Item Schematics ----------------- None Robot Schematics ------------------ None Fabricated ------------ Quantum Reactor | x2 | -3/Research | Preloaded Repaired ---------- Exp. Heat Sink | 36% | -3/Research Studied --------- Imp. Carbon-fiber Leg | -6/Factory | Hacked Proton Cannon | -6/Factory | Hacked Hvy. Ion Cannon | -6/Factory | Hacked Alien Tech Used ----------------- None Achievements -------------- None Challenges ------------ None Game ------ Seed MiniDoorNeutralizer Manual? 0 Play Time 01:38:36 Cumulative 303.3 hours Start 2026.09.03 @ 16:37:21 End 2026.09.04 @ 09:08:40 Sessions 7 Manual Loads 0 Difficulty Rogue Special Mode None Game No. 378 Rogue 378 Adventurer 0 Explorer 0 Win Type - Total 8 Types 7/0/0/1/0/0/0/0/0/0 Lore% 81 Gallery% 69 Achievement% 57 Wizard Run 0 Options --------- Layout 2 ASCII 0 Keyboard 0 Movement Mouse Keybinds 0 Fullscreen 1 Font 24/Smallcaps Map View 50x44 Zoom Use 0% Tactical HUD 1 Map Filters NONE Filters NONE Steam 1 RUN: bab02275-fed0-4f30-8173-7e90cde59af4